 Seeded DCSS version 0.29.1-15-g9cfb28693d (webtiles) character file.

Game seed: 9529714651559989746 (custom seed)

3 Psyclone the Conjurer (level 1, 0/10 HPs)
             Began as a Deep Elf Conjurer on Sept 30, 2023.
             Slain by a ball python (1 damage)
             ... on level 1 of the Dungeon.
             The game lasted 00:00:16 (28 turns).

Psyclone the Conjurer (Deep Elf Conjurer)             Turns: 28, Time: 00:00:16

Health: 0/10       AC:  2    Str:  4    XL:     1   Next: 41%
Magic:  0/6        EV: 12    Int: 22    God:
Gold:   0          SH:  0    Dex: 13    Spells: 5/6 levels left

rFire   . . .      SeeInvis .   (no weapon)
rCold   . . .      Faith    .   (no shield)
rNeg    . . .      Spirit   .   a - +0 robe
rPois   .          Reflect  .   (no helmet)
rElec   .          Harm     .   (no cloak)
rCorr   .          Rampage  .   (no gloves)
Will    .....                   (no boots)
Stlth   ++........              (no amulet)
HPRegen 0.03/turn               (no ring)
MPRegen 0.10/turn               (no ring)

@: no status effects
A: no striking features
a: no special abilities


You were on level 1 of the Dungeon.
You visited 1 branch of the dungeon, and saw 1 of its levels.

Inventory:

Armour
 a - a +0 robe (worn)
Potions
 b - a potion of magic


   Skills:
 + Level 2.5 Dodging
 + Level 2.5 Stealth
 + Level 3.1 Spellcasting
 + Level 4.4 Conjurations


You had 5 spell levels left.
You knew the following spells:

 Your Spells              Type           Power      Damage    Failure   Level
a - Magic Dart            Conj           88%        1d7       1%          1

Your spell library contained the following spells:

 Spells                   Type           Power      Damage    Failure   Level
 Searing Ray              Conj           44%        2d6       3%          2
 Dazzling Flash           Conj/Hex       26%        N/A       14%         3
 Fulminant Prism          Conj/Hex       6%         3d7       43%         4
 Iskenderun's Mystic Bla  Conj/Tloc      13%        2d5       43%         4


Dungeon Overview and Level Annotations

Branches:
Dungeon (1/15) Zot: 5972

Altars:


Message History

The magic dart hits the bat.
The bat is severely wounded.
The ball python bites you. The ball python constricts you.
The bat hits you but does no damage. The ball python bites you.
The ball python constricts you.
* * * LOW HITPOINT WARNING * * *
You take 6 damage, and have 3/10 hp.
MASSIVE DAMAGE!!
You now have 0/6 mp.
You escape the ball python's grasp.
The bat attacks as you move away! The bat misses you.
A hobgoblin comes into view.
Found a scroll labelled YPHAEM YSAJA.
The bat hits you but does no damage.
The hobgoblin shouts!
The bat hits you but does no damage. The bat attacks as you move away!
The bat misses you. The bat hits you.
* * * LOW HITPOINT WARNING * * *
The ball python completely misses you. The ball python barely misses you.
You take 1 damage, and have 2/10 hp.
Casting: Magic Dart (safe; 1% risk of failure)
Confirm with . or Enter, or press ? or * to list all spells.
You don't know that spell.
The bat closely misses you. x2
Press: ? - help, v - describe, . - travel, g - get item Item here: a scroll labelled YPHAEM YSAJA.
The floor.
Casting: Magic Dart (safe; 1% risk of failure)
Confirm with . or Enter, or press ? or * to list all spells.
Aiming: Magic Dart (safe; 1% risk of failure)
Press: ? - help, Shift-Dir - straight line, f/p - bat
Aim: a bat (severely wounded, 100% to hit)
The magic dart hits the bat.
You kill the bat!
The ball python bites you.
* * * LOW HITPOINT WARNING * * *
The ball python grabs you. The ball python constricts you.
You take 1 damage, and have 1/10 hp.
You now have 0/6 mp.
You escape the ball python's grasp.
The ball python barely misses you. x2
You see here a bat corpse.
The ball python attacks as you move away!
The ball python bites you.
You die...

... ...# .8..#######
.......... ##.......###
........... . r...
.........#####.. #...(
..?....gS.....# #....
........@.....#
#....########+##......#
............†.........#
.....)......#.#.#######
##........#.#...
##.......#.#####
#.......#.# #
##.......#..
.###........###


You could see a hobgoblin and a ball python.

Vanquished Creatures
  A bat (D:1)
  A goblin (D:1)
  A frilled lizard (D:1)
3 creatures vanquished.

Notes
Turn   | Place    | Note
-------+----------+-------------------------------------------
     0 | D:1      | Psyclone the Deep Elf Conjurer began the quest for the Orb.
     0 | D:1      | Reached XP level 1. HP: 10/10 MP: 6/6
    28 | D:1      | Slain by a ball python

Illustrated notes

Levels and vault maps discovered:
D:1:      minmay_arrival_four_circles, layout_basic, serial_shops,
          nicolae_shop_trees, nicolae_eternal_life, st_stairs_1,
          minmay_small_reverse_x

Action                   || total
-------------------------++-------
 Cast: Magic Dart        ||     8
Armor: Robe              ||     7
Dodge: Dodged            ||    16
